 Dungeon Crawl Stone Soup version 0.29.1-1-gd02db6906a (webtiles) character file.

Game seed: 2419229194863816579

10 Kold the Trooper (level 2, 17/24 HPs)
             Began as a Demonspawn Cinder Acolyte on Oct 19, 2022.
             Was a High Priest of Ignis.
             Quit the game on level 1 of the Dungeon.
             The game lasted 00:00:21 (366 turns).

Kold the Trooper (Demonspawn Cinder Acolyte)         Turns: 366, Time: 00:00:22

Health: 17/24      AC:  9    Str: 14    XL:     2   Next: 10%
Magic:  3/3        EV: 11    Int: 15    God:    Ignis [*****.]
Gold:   0          SH:  0    Dex: 10    Spells: 3/3 levels left

rFire   + . .      SeeInvis .     - Unarmed
rCold   . . .      Faith    .   (no shield)
rNeg    . . .      Spirit   .   a - +0 robe
rPois   .          Reflect  .   (no helmet)
rElec   .          Harm     .   (no cloak)
rCorr   .          Rampage  .   (no gloves)
Will    .....                   (no boots)
Stlth   ++........              (no amulet)
HPRegen 0.08/turn               (no ring)
MPRegen 0.08/turn               (no ring)

@: fiery-armoured
A: thin skeletal structure 1
a: Renounce Religion, Fiery Armour, Foxfire Swarm, Rising Flame


You were on level 1 of the Dungeon.
You worshipped Ignis.
Ignis was extremely pleased with you.
You visited 1 branch of the dungeon, and saw 1 of its levels.

Inventory:

Armour
 a - a +0 robe (worn)
 c - a +2 pair of gloves
Scrolls
 b - a scroll of vulnerability {unknown}


   Skills:
 + Level 3.1 Fighting
 + Level 2.8 Unarmed Combat
 + Level 1.2 Spellcasting
 + Level 2.8 Fire Magic


You had 3 spell levels left.
You didn't know any spells.
Your spell library contained the following spells:

 Spells                   Type           Power      Damage    Failure   Level
 Scorch                   Fire           18%        2d6       11%         2


Dungeon Overview and Level Annotations

Branches:
Dungeon (1/15)

Altars:


Innate Abilities, Weirdness & Mutations

You have a somewhat thin skeletal structure. (Dex +2, Stealth+)


Message History

The ball python bites you but does no damage.
The ball python grabs you. The ball python constricts you.
You hit the ball python.
The ball python is moderately wounded.
The ball python bites you. The ball python constricts you.
You hit the ball python.
The ball python is heavily wounded.
The ball python bites you. The ball python constricts you.
You barely miss the ball python.
The ball python is heavily wounded.
The goblin hits you but does no damage. The ball python bites you.
The ball python constricts you.
You hit the ball python but do no damage.
The ball python is heavily wounded.
The giant cockroach bites you. The ball python barely misses you.
The ball python constricts you. The goblin hits you but does no damage.
A protective cloak of flame settles atop you.
The giant cockroach completely misses you.
The ball python barely misses you. The ball python constricts you.
The goblin hits you but does no damage.
The goblin is burned by your cloak of flames.
You kill the goblin!
You barely miss the ball python.
The ball python is heavily wounded.
The giant cockroach bites you but does no damage.
The giant cockroach is burned by your cloak of flames.
You kill the giant cockroach!
The ball python bites you but does no damage.
The ball python is burned by your cloak of flames.
You kill the ball python!
You have reached level 2!
Your demonic ancestry asserts itself...
Your bones become slightly less dense.
b - a scroll labelled UHISAT KABE You see here a ball python corpse.
You see here a +2 pair of gloves.
c - a +2 pair of gloves Assign waypoint to what number? (0-9)
Okay, then.
Are you sure you want to abandon this character and quit the game? (Confirm with "yes".)

#.##.##
#########.#.#.###
..$.......>.....
..............##########
....................#...
........).....##.####...
........†....###.# #.<.
.............# #.# #...
.......@.....# #.# #...
.....#######.# #.#######
....# #.# #.##.## .#.#
#.# #.#...## #. #.#
#......## . .# #........
#. ##......# #. #.
##...#.#
#.##.######.##.#


There were no monsters in sight!

Vanquished Creatures
  3 ball pythons (D:1)
  A bat (D:1)
  A giant cockroach (D:1)
  2 goblins (D:1)
  A hobgoblin (D:1)
8 creatures vanquished.

Notes
Turn   | Place    | Note
-------+----------+-------------------------------------------
     0 | D:1      | Kold the Demonspawn Cinder Acolyte began the quest for the
                  | Orb.
     0 | D:1      | Reached XP level 1. HP: 18/18 MP: 2/2
   360 | D:1      | Gained mutation: You have a somewhat thin skeletal
                  | structure. (Dex +2, Stealth+) [demonic ancestry]
   360 | D:1      | Reached XP level 2. HP: 16/24 MP: 3/3
   366 | D:1      | Quit the game

Illustrated notes

Levels and vault maps discovered:
D:1:      nicolae_arrival_memento_mori, layout_loops_ring

Action                   || total
-------------------------++-------
Melee: Unarmed           ||    27
       Punch             ||     1
Invok: Fiery Armour      ||     1
Armor: Robe              ||     9
Dodge: Dodged            ||    15
